 Dungeon Crawl Stone Soup version 0.25.0-1-g7eea58d2a3 (webtiles) character file.

Game seed: 7594874321962836754

72 sanka the Cudgeler (level 4, -6/29 HPs)
             Began as a Gargoyle Berserker on June 14, 2020.
             Was a Follower of Trog.
             Mangled by Sigmund
             ... wielding a cursed -2 scythe
              (9 damage)
             ... on level 2 of the Dungeon.
             The game lasted 00:03:30 (808 turns).

sanka the Cudgeler (Gargoyle Berserker)              Turns: 808, Time: 00:03:31

Health: -6/29      AC:  7    Str: 20 (22) XL:     4   Next: 26%
Magic:  4/4        EV: 11    Int:  4 (7)  God:    Trog [*.....]
Gold:   11         SH:  0    Dex:  8 (9)  Spells: 3/3 levels left

rFire    + . .     SeeInvis .   a - +0 mace
rCold    . . .     Gourm    .   (no shield)
rNeg     + . .     Faith    .   d - +1 leather armour {rF+}
rPois    ∞         Spirit   .   (no helmet)
rElec    +         Reflect  .   (no cloak)
rCorr    .         Harm     .   (no gloves)
MR       .....                  (no boots)
Stlth    +.........             (no amulet)
HPRegen  0.09/turn              (no ring)
MPRegen  0.09/turn              (no ring)

@: berserk cooldown, slowed, very slow
A: negative energy resistance 1, electricity resistance, unbreathing,
petrification resistance, rot immunity, AC +3
a: Berserk, Renounce Religion


You were on level 2 of the Dungeon.
You worshipped Trog.
Trog was aware of your devotion.
You were not hungry.

You visited 1 branch of the dungeon, and saw 2 of its levels.

You collected 11 gold pieces.

Inventory:

Hand Weapons
 a - a +0 mace (weapon)
Missiles
 g - 8 javelins (quivered)
Armour
 d - a +1 leather armour of fire resistance (worn)
Scrolls
 e - 3 scrolls of identify {unknown}
 h - a scroll of fog {unknown}
Comestibles
 c - 2 rations
 i - 3 chunks of flesh


   Skills:
 + Level 4.0 Fighting
 * Level 4.5 Maces & Flails
 - Level 2.1 Armour
 - Level 1.5 Dodging


You had 3 spell levels left.
You didn't know any spells.
Your spell library was empty.

Dungeon Overview and Level Annotations

Branches:
Dungeon (2/15)

Altars:
Sif Muna
Yredelemnul

Annotations:
D:2 Sigmund


Innate Abilities, Weirdness & Mutations

You are resistant to torment.
Your stone body is resilient. (AC +3)
You are immune to poison.
You resist negative energy. (rN+)
You are resistant to electric shocks. (rElec)
You can survive without breathing.
You are immune to petrification.
You are immune to rotting.


Message History

You are exhausted.
You feel yourself slow down. Something barely misses you.
Unknown command.
It was a potion of curing.
You feel better. Something hits you.
You barely miss something. Something hits you but does no damage.
You closely miss something. Something hits you.
You miss something. Something hits you but does no damage.
You miss something. Something hits you.
You hear some strange, mumbled words.
Something tries to affect you, but you resist.
You closely miss something. Something hits you but does no damage.
You closely miss something. Something hits you!
* * * LOW HITPOINT WARNING * * *
You feel better. Something hits you!
* * * LOW HITPOINT WARNING * * *
It was a potion of degeneration.
There was something very wrong with that liquid.
You feel weakened.
You feel dopey.
You feel clumsy. Something hits you!
You die...

........ #.###.
.......####.#...
#.....#...##
#..##....##
#..####..# #
#........# #.
#..####....
#..#######..#
#.##..
#...@$......#
..# #.
#.###{#)....#
.## .
#.b#.####....
...##.# .##.#
.[.## #.# .#
_.... #.# ##
.#.# #.# ... #..
.. .##


You could see a bat.

Vanquished Creatures
  Jessica (D:2)
  Natasha (D:2)
  3 dart slugs (D:1)
  2 giant cockroaches
  A hobgoblin (D:2)
  2 bats (D:1)
  5 goblins (D:1)
  2 kobolds (D:1)
17 creatures vanquished.

Notes
Turn   | Place    | Note
-------+----------+-------------------------------------------
     0 | D:1      | sanka the Gargoyle Berserker began the quest for the Orb.
     0 | D:1      | Reached XP level 1. HP: 14/14 MP: 1/1
   291 | D:1      | Reached XP level 2. HP: 19/19 MP: 2/2
   709 | D:2      | Found a shimmering blue altar of Sif Muna.
   750 | D:2      | Noticed Jessica
   755 | D:2      | Killed Jessica
   755 | D:2      | Reached XP level 3. HP: 24/24 MP: 3/3
   783 | D:2      | Noticed Natasha
   783 | D:2      | Noticed Sigmund
   791 | D:2      | Killed Natasha
   791 | D:2      | Reached XP level 4. HP: 29/29 MP: 4/4
   792 | D:2      | Found a basalt altar of Yredelemnul.
   808 | D:2      | Mangled by Sigmund

Illustrated notes

Levels and vault maps discovered:
D:1:      minmay_arrival_open_corners, layout_basic
D:2:      layout_rooms, good_gods_temple_1, nicolae_overflow_hidden_temple,
          lemuel_crystal_altar, nrook_mini_vaults,
          nicolae_qazlal_general_emergency, uniq_natasha, uniq_sigmund,
          uniq_jessica

Skill      XL: |  1  2  3 |
---------------+----------+-----
Maces & Flails | 4 |  4.5
Fighting       | 4 |  4.0
Armour         | |  2.1
Dodging        | |  1.5

Action                   |  1- 3 |  4- 6 || total
-------------------------+-------+-------++-------
Melee: Mace              |    42 |    10 ||    52
Invok: Berserk           |     1 |       ||     1
  Use: Potion            |       |     3 ||     3
Armor: Animal skin       |    15 |       ||    15
       Leather armour    |     2 |     6 ||     8
Dodge: Dodged            |    30 |     4 ||    34
